MLB
WASHINGTON NATIONALS @ NEW YORK METS
08/16/2045
 
TOP OF THE 1ST
Washington Nationals batting - Pitching for New York Mets : RHP Chris Painter
Pitching: RHP Chris Painter
Batting: LHB R.J. O'Brien 0-0: Ball
1-0: Foul Ball, location: 2F
1-1: Called Strike
1-2: SINGLE (Flyball, 6MD, EV 91.2 MPH) - OUT at second base trying to stretch hit.
Batting: RHB Luis Ramos 0-0: Ball
1-0: Ground out 1-3 (Groundball, 13, EV 73.1 MPH)
Batting: SHB Junzo Kato 0-0: Called Strike
0-1: Ball
1-1: Swinging Strike
1-2: Foul Ball, location: 2F
1-2: Ground out 5-3 (Groundball, 5, EV 85.0 MPH)
Top of the 1st over - 0 runs, 1 hit, 0 errors, 0 left on base; Washington 0 - New York 0
BOTTOM OF THE 1ST
New York Mets batting - Pitching for Washington Nationals : LHP Tim Wybenga
Pitching: LHP Tim Wybenga
Batting: LHB Kevin Bellman 0-0: Ball
1-0: Called Strike
1-1: Foul Ball, location: 2F
1-2: Fly out, F8 (Flyball, 8RS, EV 80.0 MPH)
Batting: SHB Sean Cook 0-0: Called Strike
0-1: Swinging Strike
0-2: Fly out, F4 (Popup, 3D, EV 68.1 MPH)
Batting: RHB Jeff Jank 0-0: Called Strike
0-1: Ball
1-1: Ball
2-1: Called Strike
2-2: Ground out 6-3 (Groundball, 6MS, EV 67.5 MPH)
Bottom of the 1st over - 0 runs, 0 hits, 0 errors, 0 left on base; Washington 0 - New York 0
TOP OF THE 2ND
Washington Nationals batting - Pitching for New York Mets : RHP Chris Painter
Batting: LHB Seth Cook 0-0: Fly out, F8 (Flyball, 78D, EV 105.0 MPH)
Batting: RHB Luis Torres 0-0: Called Strike
0-1: Swinging Strike
0-2: Fly out, F8 (Flyball, 8RD, EV 91.2 MPH)
Batting: LHB Armando Carbajal 0-0: Foul Ball, location: 2F
0-1: Ball
1-1: Foul Ball, location: 2F
1-2: Ball
2-2: Ground out 1-3 (Groundball, 13, EV 72.5 MPH)
Top of the 2nd over - 0 runs, 0 hits, 0 errors, 0 left on base; Washington 0 - New York 0
BOTTOM OF THE 2ND
New York Mets batting - Pitching for Washington Nationals : LHP Tim Wybenga
Batting: SHB Roberto Magne 0-0: Ball
1-0: Foul Ball, location: 2F
1-1: SINGLE (Line Drive, 9S, EV 90.6 MPH)
Batting: SHB Scott Scott 0-0: Foul Ball, location: 2F
0-1: Foul Ball, location: 2F
0-2: Strikes out swinging
Batting: SHB Javy Rosa 0-0: Swinging Strike
0-1: Swinging Strike
0-2: Strikes out swinging
Batting: SHB Jonathan Jenkins 0-0: Called Strike
0-1: Swinging Strike
0-2: Foul Ball, location: 2F
0-2: Ball
1-2: Ball
2-2: Foul Ball, location: 2F
2-2: Fly out, F7 (Flyball, 78S, EV 86.2 MPH)
Bottom of the 2nd over - 0 runs, 1 hit, 0 errors, 1 left on base; Washington 0 - New York 0
TOP OF THE 3RD
Washington Nationals batting - Pitching for New York Mets : RHP Chris Painter
Batting: RHB Nick Esteves 0-0: Ground out 6-3 (Groundball, 6, EV 108.1 MPH)
Batting: RHB John Sanders 0-0: Swinging Strike
0-1: Ball
1-1: Swinging Strike
1-2: Foul Ball, location: 2F
1-2: Ball
2-2: Fly out, F9 (Flyball, 9, EV 84.4 MPH)
Batting: LHB Sidney Pedder 0-0: Ball
1-0: Called Strike
1-1: Foul Ball, location: 2F
1-2: Foul Ball, location: 2F
1-2: Ball
2-2: Strikes out swinging
Top of the 3rd over - 0 runs, 0 hits, 0 errors, 0 left on base; Washington 0 - New York 0
BOTTOM OF THE 3RD
New York Mets batting - Pitching for Washington Nationals : LHP Tim Wybenga
Batting: LHB Sal Fernandez 0-0: Swinging Strike
0-1: Ball
1-1: TRIPLE (Line Drive, 89XD, EV 101.2 MPH)
Batting: SHB Scott Bartholomew 0-0: Ball
1-0: Called Strike
1-1: SINGLE (Line Drive, 4MD, EV 96.9 MPH)
Sal Fernandez scores
Batting: LHB Kevin Bellman 0-0: Ball
1-0: Foul Ball, location: 2F
1-1: Foul Ball, location: 2F
1-2: Foul Ball, location: 2F
1-2: Foul Ball, location: 2F
1-2: Ball
2-2: Ball
3-2: Foul Ball, location: 2F
3-2: Fielders Choice at 2nd, 1-6 (Groundball, 13, EV 65.0 MPH)
Batting: SHB Sean Cook 0-0: Ball
1-0: Ball
Kevin Bellman is caught stealing 2nd base 2-4
2-0: Called Strike
2-1: Foul Ball, location: 2F
2-2: Ground out 5-3 (Groundball, 15, EV 89.4 MPH)
Bottom of the 3rd over - 1 run, 2 hits, 0 errors, 0 left on base; Washington 0 - New York 1
TOP OF THE 4TH
Washington Nationals batting - Pitching for New York Mets : RHP Chris Painter
Batting: LHB R.J. O'Brien 0-0: Ball
1-0: Ball
2-0: Ball
3-0: Called Strike
3-1: Called Strike
3-2: SOLO HOME RUN (Flyball, 89XD, EV 111.2 MPH), Distance : 412 ft
Batting: RHB Luis Ramos 0-0: Ball
1-0: Ground out 4-3 (Groundball, 4, EV 81.2 MPH)
Batting: SHB Junzo Kato 0-0: Ball
1-0: SINGLE (Groundball, 25, EV 64.4 MPH) (infield hit)
Batting: LHB Seth Cook 0-0: Ball
1-0: Called Strike
1-1: Ball
2-1: Foul Ball, location: 2F
2-2: Ball
3-2: Foul Ball, location: 2F
3-2: Grounds into double play, 4-6-3 (Groundball, 4, EV 88.8 MPH)
Top of the 4th over - 1 run, 2 hits, 0 errors, 0 left on base; Washington 1 - New York 1
BOTTOM OF THE 4TH
New York Mets batting - Pitching for Washington Nationals : LHP Tim Wybenga
Batting: RHB Jeff Jank 0-0: Ball
1-0: Ball
2-0: Ball
3-0: Base on Balls
Batting: SHB Roberto Magne 0-0: Ball
1-0: SINGLE (Line Drive, 4M, EV 95.0 MPH)
Jeff Jank to second
Batting: SHB Scott Scott 0-0: Fielders Choice at 2nd, 3-6 (Groundball, 34S, EV 91.2 MPH)
Jeff Jank to third
Batting: SHB Javy Rosa 0-0: Ball
1-0: Foul Ball, location: 2F
1-1: Foul Ball, location: 2F
1-2: Ball
2-2: Foul Ball, location: 2F
2-2: Fly out, F7 (Flyball, 7LS, EV 89.4 MPH)
Batting: SHB Jonathan Jenkins 0-0: Called Strike
0-1: Ball
1-1: Ball
2-1: Foul Ball, location: 2F
2-2: Fly out, F7 (Flyball, 7, EV 78.8 MPH)
Bottom of the 4th over - 0 runs, 1 hit, 0 errors, 2 left on base; Washington 1 - New York 1
TOP OF THE 5TH
Washington Nationals batting - Pitching for New York Mets : RHP Chris Painter
Batting: RHB Luis Torres 0-0: Ball
1-0: Foul Ball, location: 2F
1-1: Ball
2-1: Fly out, F4 (Popup, 4, EV 55.6 MPH)
Batting: LHB Armando Carbajal 0-0: Ball
1-0: Ball
2-0: Ball
3-0: Called Strike
3-1: Foul Ball, location: 2F
3-2: Strikes out swinging
Batting: RHB Nick Esteves 0-0: Swinging Strike
0-1: Ball
1-1: Bunted foul
1-2: SINGLE (Groundball, 34D, EV 95.6 MPH)
Batting: RHB John Sanders 0-0: Ball
Nick Esteves is caught stealing 2nd base 2-4
Top of the 5th over - 0 runs, 1 hit, 0 errors, 0 left on base; Washington 1 - New York 1
BOTTOM OF THE 5TH
New York Mets batting - Pitching for Washington Nationals : LHP Tim Wybenga
Batting: LHB Sal Fernandez 0-0: Ball
1-0: Called Strike
1-1: Swinging Strike
1-2: Foul Ball, location: 2F
1-2: Strikes out looking
Batting: SHB Scott Bartholomew 0-0: Ball
1-0: Ball
2-0: Called Strike
2-1: Ground out 2-3 (Groundball, 2L, EV 66.9 MPH)
Batting: LHB Kevin Bellman 0-0: Foul Ball, location: 2F
0-1: Ground out U3 (Groundball, 34, EV 81.9 MPH)
Bottom of the 5th over - 0 runs, 0 hits, 0 errors, 0 left on base; Washington 1 - New York 1
TOP OF THE 6TH
Washington Nationals batting - Pitching for New York Mets : RHP Chris Painter
Batting: RHB John Sanders 0-0: Ground out 5-3 (Groundball, 5L, EV 103.8 MPH)
Batting: LHB Sidney Pedder 0-0: Ball
1-0: Called Strike
1-1: Foul Ball, location: 2F
1-2: Ball
2-2: Ball
3-2: Base on Balls
Batting: LHB R.J. O'Brien 0-0: Called Strike
0-1: Ball
1-1: Foul Ball, location: 2F
1-2: Grounds into double play, 4-6-3 (Groundball, 4, EV 90.0 MPH)
Top of the 6th over - 0 runs, 0 hits, 0 errors, 0 left on base; Washington 1 - New York 1
BOTTOM OF THE 6TH
New York Mets batting - Pitching for Washington Nationals : LHP Tim Wybenga
Batting: SHB Sean Cook 0-0: Called Strike
0-1: SINGLE (Line Drive, 3D, EV 106.2 MPH)
Batting: RHB Jeff Jank 0-0: Called Strike
0-1: Ball
1-1: Ball
2-1: Swinging Strike
2-2: Ball
3-2: Fly out, F6 (Line Drive, 4MD, EV 83.1 MPH)
Batting: SHB Roberto Magne 0-0: Called Strike
0-1: Ball
1-1: 2-RUN HOME RUN (Flyball, 78XD, EV 98.8 MPH), Distance : 407 ft
Batting: SHB Scott Scott 0-0: Called Strike
0-1: Ball
1-1: Foul Ball, location: 2F
1-2: Foul Ball, location: 2F
1-2: Strikes out swinging
Batting: SHB Javy Rosa 0-0: SINGLE (Line Drive, 6MD, EV 99.4 MPH)
Batting: SHB Jonathan Jenkins 0-0: Fly out, F9 (Line Drive, 9S, EV 90.6 MPH)
Bottom of the 6th over - 2 runs, 3 hits, 0 errors, 1 left on base; Washington 1 - New York 3
TOP OF THE 7TH
Washington Nationals batting - Pitching for New York Mets : RHP Chris Painter
Batting: RHB Luis Ramos 0-0: Called Strike
0-1: Ground out 6-3 (Groundball, 56, EV 91.2 MPH)
Batting: SHB Junzo Kato 0-0: Foul Ball, location: 2F
0-1: Fly out, F7 (Flyball, 78D, EV 91.9 MPH)
Batting: LHB Seth Cook 0-0: Called Strike
0-1: Ball
1-1: Ball
2-1: Ball
3-1: Called Strike
3-2: Ground out U3 (Groundball, 3, EV 90.6 MPH)
Top of the 7th over - 0 runs, 0 hits, 0 errors, 0 left on base; Washington 1 - New York 3
BOTTOM OF THE 7TH
New York Mets batting - Pitching for Washington Nationals : LHP Tim Wybenga
Batting: LHB Sal Fernandez 0-0: Called Strike
0-1: Foul Ball, location: 2F
0-2: Strikes out swinging
Batting: SHB Scott Bartholomew 0-0: Called Strike
0-1: Ball
1-1: Fly out, F7 (Flyball, 78S, EV 91.9 MPH)
Batting: LHB Kevin Bellman 0-0: SINGLE (Line Drive, 34D, EV 96.9 MPH)
Batting: SHB Sean Cook 0-0: Called Strike
0-1: Called Strike
0-2: Ball
1-2: Ball
2-2: Ball
3-2: SINGLE (Line Drive, 78M, EV 103.1 MPH)
Kevin Bellman to second
Kevin Bellman to third
Batting: RHB Jeff Jank 0-0: Ball
1-0: Ball
2-0: Ball
3-0: Called Strike
3-1: Base on Balls
Sean Cook to second
Pitching: RHP Brian Ramirez
Batting: SHB Roberto Magne 0-0: Foul Ball, location: 2F
0-1: Swinging Strike
0-2: Ball
1-2: Foul Ball, location: 2F
1-2: Ground out 4-3 (Groundball, 4, EV 97.5 MPH)
Bottom of the 7th over - 0 runs, 2 hits, 0 errors, 3 left on base; Washington 1 - New York 3
TOP OF THE 8TH
Washington Nationals batting - Pitching for New York Mets : RHP Chris Painter
Batting: RHB Luis Torres 0-0: Called Strike
0-1: Swinging Strike
0-2: Ball
1-2: Foul Ball, location: 2F
1-2: Foul Ball, location: 2F
1-2: Foul Ball, location: 2F
1-2: Strikes out swinging
Batting: LHB Armando Carbajal 0-0: Ball
1-0: Called Strike
1-1: Called Strike
1-2: Ball
2-2: Foul Ball, location: 2F
2-2: Fly out, F7 (Line Drive, 7, EV 105.0 MPH)
Batting: RHB Nick Esteves 0-0: Ball
1-0: Ball
2-0: Ball
3-0: Foul Ball, location: 2F
3-1: Base on Balls
Pitching: RHP Ben Dicks
Batting: RHB John Sanders 0-0: Ball
1-0: Ball
2-0: Ball
3-0: Base on Balls
Nick Esteves to second
Batting: LHB Sidney Pedder 0-0: Foul Ball, location: 2F
0-1: Foul Ball, location: 2F
0-2: Foul Ball, location: 2F
0-2: Strikes out swinging
Top of the 8th over - 0 runs, 0 hits, 0 errors, 2 left on base; Washington 1 - New York 3
BOTTOM OF THE 8TH
New York Mets batting - Pitching for Washington Nationals : RHP Brian Ramirez
Batting: SHB Scott Scott 0-0: Foul Ball, location: 2F
0-1: Ball
1-1: Foul Ball, location: 2F
1-2: Fly out, F8 (Flyball, 8LD, EV 85.0 MPH)
Batting: SHB Javy Rosa 0-0: Ground out U3 (Groundball, 3, EV 101.9 MPH)
Batting: SHB Jonathan Jenkins 0-0: Ball
1-0: Reached on error, E4 (Groundball, 34, EV 93.1 MPH)
Batting: LHB Sal Fernandez 0-0: Called Strike
0-1: Ball
1-1: Swinging Strike
1-2: Strikes out swinging
Bottom of the 8th over - 0 runs, 0 hits, 1 error, 1 left on base; Washington 1 - New York 3
TOP OF THE 9TH
Washington Nationals batting - Pitching for New York Mets : RHP Ben Dicks
Batting: LHB R.J. O'Brien 0-0: Ball
1-0: SINGLE (Flyball, 7LS, EV 86.9 MPH)
Batting: RHB Luis Ramos 0-0: Ball
1-0: Called Strike
1-1: SINGLE (Line Drive, 3D, EV 96.2 MPH)
R.J. O'Brien to second
Batting: SHB Junzo Kato 0-0: Called Strike
0-1: Ball
1-1: Ball
2-1: Grounds into double play, 5-4-3 (Groundball, 5, EV 97.5 MPH)
R.J. O'Brien to third
Batting: LHB Seth Cook 0-0: Called Strike
0-1: 2-RUN HOME RUN (Flyball, 8LXD, EV 112.5 MPH), Distance : 423 ft
Batting: RHB Luis Torres 0-0: Called Strike
0-1: Ball
1-1: Ball
2-1: Called Strike
2-2: Ball
3-2: Foul Ball, location: 2F
3-2: Ground out 6-3 (Groundball, 56, EV 89.4 MPH)
Top of the 9th over - 2 runs, 3 hits, 0 errors, 0 left on base; Washington 3 - New York 3
BOTTOM OF THE 9TH
New York Mets batting - Pitching for Washington Nationals : RHP Brian Ramirez
Pitching: LHP Chris Baran
Pinch Hitting: RHB Jesus Chavez 0-0: Ball
1-0: Called Strike
1-1: Ground out 6-3 (Groundball, 6MS, EV 61.2 MPH)
Batting: LHB Kevin Bellman 0-0: Foul Ball, location: 2F
0-1: Called Strike
0-2: Strikes out swinging
Batting: SHB Sean Cook 0-0: Called Strike
0-1: Swinging Strike
0-2: Strikes out swinging
Bottom of the 9th over - 0 runs, 0 hits, 0 errors, 0 left on base; Washington 3 - New York 3
TOP OF THE 10TH
Washington Nationals batting - Pitching for New York Mets : RHP Ben Dicks
Now at C: Harry Hoop
Batting: LHB Armando Carbajal 0-0: Foul Ball, location: 2F
0-1: Swinging Strike
0-2: Foul Ball, location: 2F
0-2: Ball
1-2: Ball
2-2: Ball
3-2: Foul Ball, location: 2F
3-2: Foul Ball, location: 2F
3-2: Strikes out swinging
Batting: RHB Nick Esteves 0-0: Ball
1-0: Ball
2-0: Ball
3-0: Called Strike
3-1: Called Strike
3-2: Base on Balls
Pitching: LHP Chris Thurner
Batting: RHB John Sanders 0-0: Called Strike
0-1: Ball
1-1: Ball
2-1: 2-RUN HOME RUN (Flyball, 7LD, EV 97.5 MPH), Distance : 357 ft
Batting: LHB Sidney Pedder 0-0: Ball
1-0: SINGLE (Groundball, 4M, EV 107.5 MPH)
Batting: LHB R.J. O'Brien 0-0: Called Strike
0-1: Ball
1-1: 2-RUN HOME RUN (Flyball, 9D, EV 98.1 MPH), Distance : 382 ft
Pitching: RHP O.D. Claussen
Batting: RHB Luis Ramos 0-0: Swinging Strike
0-1: SINGLE (Groundball, P, EV 85.6 MPH) (infield hit)
Batting: SHB Junzo Kato 0-0: Ball
1-0: Ball
2-0: Foul Ball, location: 2F
2-1: Swinging Strike
2-2: Foul Ball, location: 2F
2-2: Strikes out looking
Batting: LHB Seth Cook 0-0: Ball
1-0: Ball
2-0: Ball
3-0: SINGLE (Groundball, 4MD, EV 96.9 MPH)
Luis Ramos to second
Runner from 2nd tries for 3rd, SAFE, throw by CF made at trailing runner, OUT! 8-6
Top of the 10th over - 4 runs, 5 hits, 0 errors, 1 left on base; Washington 7 - New York 3
BOTTOM OF THE 10TH
New York Mets batting - Pitching for Washington Nationals : LHP Chris Baran
Batting: RHB Jeff Jank 0-0: Swinging Strike
0-1: Foul Ball, location: 2F
0-2: Ground out 6-3 (Groundball, 6, EV 83.8 MPH)
Batting: SHB Roberto Magne 0-0: Ball
1-0: Ball
2-0: Called Strike
2-1: Ball
3-1: Foul Ball, location: 2F
3-2: Strikes out swinging
Batting: SHB Scott Scott 0-0: Called Strike
0-1: Ball
1-1: Ball
2-1: Called Strike
2-2: Ball
3-2: Base on Balls
Batting: SHB Javy Rosa 0-0: Ball
1-0: SINGLE (Groundball, 4MS, EV 63.1 MPH) (infield hit)
Scott Scott to second
Batting: SHB Jonathan Jenkins 0-0: Called Strike
0-1: Ball
1-1: Ball
2-1: Ball
3-1: Base on Balls
Scott Scott to third
Javy Rosa to second
Batting: LHB Sal Fernandez 0-0: Ground out 4-3 (Groundball, 4, EV 102.5 MPH)
Bottom of the 10th over - 0 runs, 1 hit, 0 errors, 3 left on base; Washington 7 - New York 3
Wednesday, June 22nd , 2022 - OOTP Baseball 23.4 Build 64